Map: Tokamak LE

Players

Winterfellj

  • Race: Zerg Zerg
  • League: Diamond
  • Spawn Location: 1:00

KimChiLoVer - Winner!

  • Race: Terran Terran
  • League: Diamond
  • Spawn Location: 7:00

VOD

Have the link to the VOD?

Description

Time

  • Played on: Aug. 24, 2025, 9:05 p.m.
  • Length: 15:21
Show
View Real Time Build Order
Export as new Build Order

Winterfellj Zerg 

Build Orders: Hatch First, Lurkers 

Get SALT Encoding   

  12  0:00  Drone  
  13  0:09  Drone  
  14  0:24  Extractor  
  14  0:25  Drone  
  15  0:40  Hatchery  
  15  0:42  Drone, Extractor  
  14  0:48  Overlord  
  15  1:05  Spawning Pool  
  15  1:07  Drone  
  15  1:10  Drone  
  16  1:13  Drone  
  17  1:18  Drone  
  18  1:29  Extractor  
  18  1:32  Drone  
  19  1:40  Drone  
  19  1:52  Zergling x2  
  19  1:53  Zergling x2  
  19  1:54  Queen x2  
  25  2:04  Drone x2  
  27  2:12  Drone  
  28  2:33  Metabolic Boost  
  28  2:34  Overlord  
  28  2:38  Extractor  
  28  2:40  Drone, Extractor  
  28  2:41  Drone  
  28  2:58  Drone x2  
  28  2:59  Drone x4  
  34  3:07  Drone x2  
  35  3:34  Overlord  
  35  3:36  Lair  
  35  3:38  Overlord  
  35  3:46  Overlord  
  35  3:52  Overlord  
  35  3:53  Drone x3  
  35  3:54  Evolution Chamber, Drone  
  38  3:55  Evolution Chamber  
  38  4:00  Spore Crawler, Drone  
  37  4:04  Drone  
  37  4:08  Spore Crawler  
  37  4:18  Zergling x2  
  37  4:19  Drone  
  37  4:20  Drone x2  
  37  4:21  Zerg Missile Weapons Level 1  
  37  4:22  Zerg Ground Armor Level 1  
  37  4:23  Drone  
  42  4:31  Zergling x4  
  44  4:33  Drone  
  44  4:37  Hydralisk Den  
  44  4:39  Drone  
  44  4:42  Infestation Pit, Drone  
  44  4:43  Drone, Extractor  
  45  4:48  Drone x2  
  45  4:49  Drone  
  48  4:54  Drone  
  48  4:57  Drone x3  
  52  5:04  Drone  
  52  5:06  Overlord  
  53  5:08  Drone  
  53  5:10  Muscular Augments  
  54  5:29  Hive  
  54  5:32  Drone  
  54  5:33  Drone x2, Lurker Den  
  56  5:38  Drone, Spine Crawler  
  56  5:39  Drone x4  
  56  5:40  Spine Crawler  
  59  5:48  Hydralisk x4  
  67  5:55  Spore Crawler x2  
  65  6:00  Hydralisk, Spore Crawler  
  66  6:06  Spore Crawler  
  66  6:07  Spore Crawler  
  66  6:09  Hydralisk, Spore Crawler  
  65  6:21  Hatchery  
  65  6:23  Overlord  
  64  6:29  Grooved Spines  
  64  6:31  Hydralisk x2  
  68  6:36  Drone  
  68  6:37  Drone x2  
  71  6:45  Seismic Spines  
  71  6:48  Zerg Missile Weapons Level 2  
  71  6:52  Hydralisk x2  
  75  6:59  Overlord  
  75  7:00  Hydralisk  
  77  7:10  Zerg Ground Armor Level 2  
  77  7:22  Lurker  
  77  7:24  Drone  
  77  7:25  Lurker, Drone x2  
  77  7:26  Drone x3  
  69  7:42  Lurker  
  60  8:17  Extractor, Zergling x2  
  60  8:18  Hydralisk x5, Zergling x8  
  60  8:19  Hydralisk x2  
  78  8:20  Extractor  
  77  8:34  Hydralisk x2  
  77  8:35  Hydralisk x2  
  85  8:43  Drone x5  
  90  8:48  Queen  
  90  8:54  Drone x3  
  95  8:55  Queen  
  95  9:01  Hatchery  
  95  9:02  Adrenal Glands  
  96  9:07  Zerg Missile Weapons Level 3  
  96  9:09  Queen  
  98  9:18  Overlord x3  
  98  9:21  Overlord  
  98  9:32  Overlord  
  98  9:33  Overlord  
  98  9:38  Overlord  
  98  9:39  Drone x2  
  98  9:40  Drone x2  
  98  9:41  Hatchery  
  98  9:44  Pneumatized Carapace  
  101  9:52  Overlord  
  101  9:54  Drone  
  101  9:57  Overlord  
  101  9:59  Drone x3  
  105  10:07  Lurker x6  
  105  10:08  Lurker x3  
  105  10:09  Hydralisk  
  116  10:17  Hydralisk x2  
  115  10:44  Drone  
  116  11:06  Zergling x2  
  116  11:07  Zergling x40  
  136  11:11  Spore Crawler  
  136  11:15  Spore Crawler  
  136  11:18  Hydralisk x3  
  136  11:19  Queen  
  136  11:24  Overlord  
  142  11:31  Zerg Ground Armor Level 3  
  142  11:33  Baneling Nest  
  142  11:38  Spore Crawler  
  142  11:39  Drone x3  
  144  11:40  Spore Crawler, Drone x4  
  144  11:43  Drone x2  
  144  11:44  Drone  
  149  12:03  Lurker x6  
  149  12:04  Lurker  
  156  12:18  Centrifugal Hooks  
  156  12:19  Zerg Melee Weapons Level 1  
  156  12:23  Adaptive Talons  
  156  12:31  Overlord x4  
  156  12:36  Zergling x2  
  131  12:37  Zergling x26  
  131  12:38  Zergling x2  
  131  12:43  Hydralisk  
  124  12:46  Hydralisk  
  128  12:53  Hydralisk  
  128  12:57  Spore Crawler  
  129  12:58  Spore Crawler  
  129  13:00  Drone x3  
  129  13:03  Extractor  
  129  13:04  Extractor  
  127  13:06  Hydralisk  
  127  13:11  Spire  
  126  13:17  Hatchery  
  122  13:24  Spore Crawler  
  122  13:26  Spore Crawler, Spine Crawler  
  119  13:28  Spine Crawler  
  119  13:30  Spore Crawler  
  119  13:31  Spine Crawler  
  107  13:36  Hydralisk x2  
  107  13:37  Hydralisk x7  
  125  13:46  Hydralisk x2  
  125  13:47  Hydralisk  
  130  13:52  Spore Crawler, Drone x2  
  130  13:54  Spore Crawler x2  
  129  13:58  Hydralisk  
  129  14:01  Queen  
  125  14:19  Hydralisk  
  125  14:20  Hydralisk x8  
  97  14:31  Hydralisk  
  97  14:32  Hydralisk x7  
  109  14:41  Lurker x3  
  109  14:42  Corruptor  
  114  14:52  Hydralisk x3  
  108  14:54  Lurker  
  108  14:57  Lurker x2  
Show
View Real Time Build Order
Export as new Build Order

KimChiLoVer Terran - Winner!

Build Orders: Reaper Expand 

Get SALT Encoding   

  12  0:00  SCV  
  13  0:12  SCV  
  14  0:17  Supply Depot  
  14  0:25  SCV  
  15  0:39  SCV  
  15  0:41  Barracks  
  16  0:47  Refinery  
  16  0:51  SCV  
  17  1:03  SCV  
  18  1:15  SCV  
  19  1:27  Orbital Command  
  19  1:30  Reaper  
  20  1:43  Command Center  
  20  1:50  Supply Depot  
  20  1:59  SCV  
  21  2:02  Marine  
  21  2:08  Factory  
  22  2:12  Refinery  
  22  2:14  SCV  
  23  2:26  SCV  
  23  2:29  Barracks Reactor  
  24  2:37  Barracks  
  24  2:38  SCV  
  25  2:47  Barracks  
  25  2:50  SCV  
  26  2:52  Factory Tech Lab  
  26  3:04  SCV x2  
  28  3:16  SCV  
  28  3:18  Marine x2  
  31  3:31  Marine  
  31  3:36  Marine x2  
  33  3:42  Command Center  
  33  3:51  Orbital Command  
  33  3:55  Factory Reactor  
  35  4:02  Stimpack  
  33  4:07  Marine x2  
  33  4:08  Orbital Command  
  35  4:12  Marine x2  
  35  4:16  Starport  
  37  4:20  SCV  
  38  4:32  SCV, Supply Depot x2  
  38  4:33  Engineering Bay  
  38  4:36  Marine  
  40  4:42  SCV  
  40  4:44  SCV  
  42  4:46  Factory Tech Lab  
  42  4:50  Marine x2  
  42  4:51  Marine  
  45  4:53  Marine  
  45  4:55  SCV  
  45  4:56  Engineering Bay  
  47  5:07  Marine, Supply Depot  
  47  5:08  Marine  
  47  5:09  Marine  
  47  5:11  Supply Depot  
  47  5:12  Medivac  
  52  5:14  Orbital Command  
  52  5:20  Terran Infantry Weapons Level 1  
  52  5:27  SCV x2  
  54  5:29  Siege Tank  
  54  5:33  Barracks Tech Lab  
  57  5:37  Barracks  
  57  5:39  Terran Infantry Armor Level 1  
  57  5:41  Marine  
  58  5:45  Medivac  
  60  5:50  Supply Depot  
  60  5:52  SCV  
  60  5:55  Refinery  
  61  6:02  Combat Shield  
  61  6:03  Barracks  
  61  6:04  SCV, Medivac  
  64  6:21  SCV  
  64  6:25  Refinery  
  65  6:33  SCV  
  65  6:36  Barracks Reactor  
  65  6:37  Marine x3  
  65  6:38  Siege Tank  
  72  6:44  Supply Depot  
  72  6:45  SCV, Supply Depot  
  72  6:46  SCV  
  74  6:47  Armory  
  74  6:52  Barracks Reactor  
  74  6:58  SCV  
  74  7:00  Marine x4  
  79  7:01  Orbital Command  
  79  7:04  Medivac  
  81  7:10  SCV, Siege Tank  
  85  7:16  Marine x2  
  85  7:18  Marine x4  
  91  7:34  Marine x2  
  91  7:35  Marine  
  91  7:36  Marine x3  
  86  7:51  Marine x2  
  86  7:53  Marine x3  
  86  7:54  Marine  
  86  7:56  Marine x2  
  85  8:09  SCV, Marine x2, Starport  
  85  8:11  Marine x4  
  85  8:12  SCV  
  93  8:14  Marine x2  
  95  8:21  SCV  
  95  8:24  SCV  
  97  8:27  Marine x2  
  97  8:29  Marine x3  
  97  8:31  Terran Infantry Weapons Level 2  
  97  8:32  Supply Depot, Terran Infantry Armor Level 2  
  97  8:33  SCV, Terran Vehicle And Ship Armor Level 1  
  103  8:34  Barracks x2, Supply Depot  
  103  8:35  Supply Depot  
  103  8:36  SCV  
  104  8:45  Siege Tank, SCV  
  108  8:48  SCV  
  108  8:50  Marine x2, Marauder x2  
  108  8:54  Refinery  
  115  8:59  Liberator  
  115  9:00  SCV, Liberator  
  122  9:03  Starport Reactor  
  122  9:08  Supply Depot  
  122  9:09  Supply Depot  
  122  9:11  Marauder  
  122  9:12  SCV  
  122  9:13  Refinery  
  122  9:14  Marine x3, Marauder  
  122  9:16  Concussive Shells  
  130  9:23  Barracks  
  130  9:24  SCV  
  130  9:26  Marine x2  
  130  9:28  Barracks Reactor  
  133  9:33  Marauder  
  133  9:35  Marauder  
  133  9:37  SCV  
  138  9:49  SCV  
  139  9:54  Supply Depot, Marauder  
  139  9:55  Marine x2  
  139  9:56  Barracks Reactor  
  139  9:57  Command Center, Marauder, Medivac  
  139  9:58  Medivac  
  149  10:00  Liberator  
  149  10:01  SCV  
  149  10:02  Marine  
  154  10:13  SCV  
  155  10:14  Missile Turret  
  155  10:15  Marine x7, Marauder  
  155  10:20  Missile Turret, Marine  
  165  10:21  Supply Depot  
  165  10:31  SCV  
  165  10:33  Marine  
  165  10:35  Marauder  
  165  10:42  Marauder  
  165  10:47  Marine x4  
  165  10:48  Marine x2  
  171  10:56  Marauder  
  173  11:03  Marauder  
  164  11:18  Marauder  
  165  11:19  Liberator x2  
  165  11:20  Liberator x2  
  165  11:24  Marine, Marauder  
  165  11:25  Marine x3  
  183  11:27  Planetary Fortress  
  183  11:31  Missile Turret  
  183  11:39  Marauder  
  185  11:40  Marine x3  
  188  11:53  Supply Depot  
  188  11:56  Supply Depot  
  188  12:14  Marine x4  
  188  12:15  Marauder x2  
  196  12:17  Marine, Liberator  
  200  12:31  Marine x2, Liberator  
  200  12:36  Marauder x2  
  142  12:46  Marine x6  
  142  12:47  Marine x2  
  142  12:49  Marine x2  
  152  12:58  Marauder x2  
  156  13:00  Siege Tank  
  156  13:04  Marine x4  
  163  13:15  Liberator x2  
  163  13:19  Marauder x2  
  173  13:32  Siege Tank  
  176  13:40  Marauder  
  176  13:41  Marauder  
  180  13:48  Marine x2  
  180  13:49  Marine x8  
  190  13:58  Liberator x2  
  190  14:02  Marauder x2  
  197  14:23  Marauder x2  
  150  14:45  Marauder x2  
Tags
 
Add a new tag
Caveats
  • Supply blocks, unpowered buildings, or Contaminate may cause inaccurate times.
  • Supply counts are checked every 10 seconds.